 Dungeon Crawl Stone Soup version 0.31-a0-188-g5e087ee2ca (webtiles) character file.

Game seed: 8255603179899400986

460 qw the Skirmisher (level 6, -4/35 HPs)
             Began as a Deep Elf Hunter on June 22, 2023.
             Slain by Menkaure (8 damage)
             ... on level 4 of the Dungeon.
             The game lasted 00:01:38 (3012 turns).

qw the Skirmisher (Deep Elf Hunter)                 Turns: 3012, Time: 00:01:38

Health: -4/35      AC: 12    Str: 10    XL:     6   Next: 78%
Magic:  8/8        EV: 11    Int: 14    God:
Gold:   259        SH:  0    Dex: 18    Spells: 5/5 levels left

rFire   + . .        Y - +0 shortbow
rCold   . . .        (shield currently unavailable)
rNeg    + . .        k - +1 ring mail {rF+}
rPois   .            (no helmet)
rElec   .            (no cloak)
rCorr   .            j - +0 pair of gloves
SInv    .            l - +0 pair of boots
Will    .....        (no amulet)
Stlth   +            b - ring of positive energy
HPRegen 0.25/turn    m - +4 ring of protection
MPRegen 0.11/turn

%: no passive effects
@: no status effects
A: no striking features
a: no special abilities


You were on level 4 of the Dungeon.
You visited 1 branch of the dungeon, and saw 5 of its levels.

You collected 259 gold pieces.


   Skills:
 - Level 2.0 Fighting
 - Level 10.3 Ranged Weapons
 - Level 1.0 Armour
 + Level 2.4 Dodging
 - Level 1.2 Stealth


You had 5 spell levels left.
You didn't know any spells.
Your spell library was empty.

Inventory:

Hand Weapons
 Y - a +0 shortbow (weapon)
Armour
 j - a +0 pair of gloves (worn)
 k - a +1 ring mail of fire resistance (worn)
 l - a +0 pair of boots (worn)
Jewellery
 b - a ring of positive energy (left hand)
 m - a +4 ring of protection (right hand)
Scrolls
 c - a scroll of identify
Potions
 d - a potion of heal wounds {unknown}
 e - a potion of invisibility {unknown}
 f - a potion of haste
 g - a potion of mutation {unknown}
 h - a potion of degeneration {unknown}
 i - 3 potions of curing

Dungeon Overview and Level Annotations

Branches:
Dungeon (5/15)
 Temple: D:4-7

Altars:
Hepliaklqana
Xom

Annotations:
D:2 1 runed translucent door, Crazy Yiuf
D:3 2 transporters
D:4 Menkaure


Message History

You hear the hiss of flowing sand.
There is an entrance to an ossuary on this level.
Hurry and find it before the portal is buried!
Level annotation: Menkaure You hear the slow hiss of a very distant avalanche of sand.
There is a stone staircase leading up here.
Menkaure is nearby!
You shoot an arrow. The arrow closely misses Menkaure.
You shoot an arrow. The arrow closely misses Menkaure.
You shoot an arrow.
The arrow hits Menkaure but does no damage.
Menkaure gestures wildly while chanting.
Menkaure seems to speed up.
You shoot an arrow. The arrow closely misses Menkaure.
You shoot an arrow. The arrow hits Menkaure.
Menkaure is lightly damaged.
Menkaure closely misses you.
You shoot an arrow.
The arrow hits Menkaure but does no damage.
Menkaure is lightly damaged.
Menkaure points at you and mumbles some strange words.
You struggle to resist.
You shoot an arrow.
The arrow hits Menkaure but does no damage.
Menkaure is lightly damaged.
Menkaure hits you!
3008 ||| STAIRDANCE Menkaure hits you!
You climb upwards.
There is a stone staircase leading down, spattered with blood here.
You shoot an arrow. The arrow hits Menkaure.
Menkaure is moderately damaged.
Menkaure barely misses you.
Menkaure calls on the powers of darkness!
Your body is wracked with pain!
You shoot an arrow. The arrow barely misses Menkaure.
Menkaure closely misses you.
You shoot an arrow. The arrow hits Menkaure.
Menkaure is moderately damaged.
Menkaure hits you!
You die...

############.# #.#
#............######.#########
#.###.............#.##.......
#.# #.........###.#.##...)...
#.# #.........# #.#.##.......
#.# #.......#####.#.##.......
#.# #####...+.....#.##.......
#.#######..M#...###.##..)....
#..........[@................
#########...#................
#####...###.##....... #####
#.######### #.# #.#
########.### #..........#
#..........#


You could see Menkaure (fast).

Vanquished Creatures
  Sigmund (D:2)
  Blork the orc (D:4)
  A sleepcap (D:4)
  Jessica (D:2)
  An orc wizard (D:4)
  3 gnolls (D:3)
  3 adders
  2 worms
  7 orcs (D:4)
  5 ball pythons
  6 bats
  11 endoplasms
  2 giant cockroaches
  5 goblins
  7 hobgoblins
  6 kobolds
  2 quokkas
  8 frilled lizards
  4 rats
76 creatures vanquished.

Notes
Turn   | Place    | Note
-------+----------+-------------------------------------------
     0 | D:1      | qw the Deep Elf Hunter began the quest for the Orb.
     0 | D:1      | Reached XP level 1. HP: 12/12 MP: 3/3
     0 | D:1      | 0 ||| qw: Version: 0.3-a-9-g12657ce
     0 | D:1      | 0 ||| qw: Game counter: 2870
     0 | D:1      | 0 ||| qw: Always use a shield: true
     0 | D:1      | 0 ||| qw: God list: Okawaru
     0 | D:1      | 0 ||| qw: Allow faded altars: false
     0 | D:1      | 0 ||| qw: Do Orc after D:15 true
     0 | D:1      | 0 ||| qw: Do second Lair branch before Depths: true
     0 | D:1      | 0 ||| qw: Lair rune preference: random
     0 | D:1      | 0 ||| qw: Plans: Normal
     0 | D:1      | 0 ||| PLANNING D:1-11
    92 | D:1      | Reached XP level 2. HP: 16/16 MP: 4/4
   105 | D:1      | Reached skill level 6 in Ranged Weapons
   112 | D:1      | 112 ||| FLEEEEING.
   509 | D:1      | 509 ||| UPGRADING to +1 ring mail of fire resistance.
   519 | D:1      | 519 ||| DROPPING +0 leather armour.
   520 | D:1      | 520 ||| READING scroll labelled ZOEPOG JARE.
   521 | D:1      | 521 ||| READING scroll labelled GOPTONO TIMMU.
   522 | D:1      | 522 ||| READING scroll labelled QOKI SINEFOXEI.
   526 | D:1      | 526 ||| READING scroll labelled GEAMUKAHIRPH.
   527 | D:1      | 527 ||| DRINKING 2 fuming black potions.
   528 | D:1      | 528 ||| DROPPING scroll of butterflies.
   547 | D:2      | Noticed Jessica
   552 | D:2      | 552 ||| FLEEEEING.
   554 | D:2      | Reached XP level 3. HP: 19/20 MP: 5/5
   554 | D:2      | Killed Jessica
   555 | D:2      | Reached skill level 7 in Ranged Weapons
   665 | D:2      | Reached XP level 4. HP: 25/25 MP: 6/6
   752 | D:2      | Noticed Sigmund
   763 | D:2      | 763 ||| DRINKING 3 potions of curing.
   763 | D:2      | 763 ||| (to cure confusion)
   767 | D:2      | HP: 3/25 [something (8)]
   770 | D:2      | Killed Sigmund
   771 | D:2      | Reached skill level 9 in Ranged Weapons
   771 | D:2      | Reached XP level 5. HP: 5/29 MP: 7/7
   897 | D:2      | Found a runed translucent door.
   898 | D:2      | Noticed Crazy Yiuf
   983 | D:2      | You fall into a shaft and drop 1 floor!
  1007 | D:3      | Found a transporter.
  1020 | D:3      | Found the +1 robe of Vines {NoPotionHeal Regen++++}
  1022 | D:3      | Found a hazy altar of Hepliaklqana.
  1040 | D:3      | Found a shimmering altar of Xom.
  1062 | D:3      | Reached XP level 6. HP: 35/35 MP: 8/8
  1126 | D:3      | 1126 ||| UPGRADING to +0 pair of boots.
  1131 | D:3      | 1131 ||| UPGRADING to ring of positive energy.
  1132 | D:3      | 1132 ||| UPGRADING to +4 ring of protection.
  1133 | D:3      | 1133 ||| READING scroll labelled CID WEMPUBB.
  1134 | D:3      | 1134 ||| READING scroll labelled DAVOIF CUTIONG.
  1136 | D:3      | 1136 ||| Stepping ~*~*~tactically~*~*~ (cloud).
  1219 | D:3      | 1219 ||| STAIRDANCE
  1611 | D:2      | 1611 ||| Stepping randomly (stuck).
  1882 | D:3      | Identified the +8 whip "Hellblazer" {flame, rPois Int-4
                  | Dex+2}
  1884 | D:3      | Found a transporter.
  1886 | D:3      | Noticed a steam dragon
  1925 | D:3      | 1925 ||| UPGRADING to +0 pair of gloves.
  1930 | D:3      | 1930 ||| DROPPING ring of wizardry.
  1931 | D:3      | 1931 ||| READING scroll labelled OMNOAL VIXU.
  1932 | D:3      | 1932 ||| DRINKING 2 bubbling emerald potions.
  2037 | D:3      | 2037 ||| DROPPING potion of berserk rage.
  2223 | D:4      | Reached skill level 1 in Armour
  2313 | D:4      | 2313 ||| FLEEEEING.
  2314 | D:4      | 2314 ||| FLEEEEING.
  2315 | D:4      | 2315 ||| FLEEEEING.
  2734 | D:4      | 2734 ||| DRINKING 2 dark potions.
  2735 | D:4      | 2735 ||| READING 2 scrolls of identify.
  2735 | D:4      | 2735 ||| IDENTIFYING white potion
  2736 | D:4      | 2736 ||| DROPPING potion of attraction.
  2833 | D:5      | Entered Level 5 of the Dungeon
  2833 | D:5      | Noticed Blork the orc
  2834 | D:5      | 2834 ||| PLANNING OSSUARY
  2837 | D:5      | Noticed Menkaure
  2838 | D:5      | 2838 ||| STAIRDANCE
  2847 | D:4      | Killed Blork the orc
  2848 | D:4      | Reached skill level 10 in Ranged Weapons
  2943 | D:5      | 2943 ||| STAIRDANCE
  3008 | D:5      | 3008 ||| STAIRDANCE
  3008 | D:5      | HP: 4/35 [Menkaure (15)]
  3012 | D:4      | Slain by Menkaure

Levels and vault maps discovered:
D:1:      saegor_arrival_simple_b, layout_basic
D:2:      layout_rooms, uniq_crazy_yiuf_cottage, uniq_jessica, uniq_sigmund
D:3:      layout_rooms, gammafunk_temple_overflow_arena,
          brannock_xom_greatest_gift
D:4:      layout_basic
D:5:      layout_loops_ring, nicolae_gozag_seed_capital,
          overflow_temple_1_default, serial_shops, nicolae_stop_n_shop_2,
          enter_ossuary_4, supply_closet_lemuel, minmay_crossroads,
          uniq_menkaure, uniq_blork_the_orc

Skill      XL: |  1  2  3  4  5  6 |
---------------+-------------------+-----
Ranged Weapons | 6 7 9 10 | 10.3
Fighting       | 2 |  2.0
Armour         | 1 |  1.0
Dodging        | |  2.4
Stealth        | |  1.2

Action                     |  1- 3 |  4- 6 || total
---------------------------+-------+-------++-------
   Fire: Shortbow          |    87 |   174 ||   261
    Use: Scroll            |     4 |     4 ||     8
         Potion            |     1 |     3 ||     4
 Armour: Leather armour    |     1 |       ||     1
         Ring mail         |     2 |    37 ||    39
  Dodge: Dodged            |    10 |    29 ||    39

Table legend:
 A = Non-vault XP
 B = Vault XP
 C = Vault XP percentage of total XP
 D = Non-vault monster count
 E = Vault monster count
 F = Vault count percentage of total count
                 A         B        C        D         E       F
            +---------+---------+-------+---------+---------+-------
      Total |     279 |     379 |  57.6 |      73 |       3 |   3.9
            +---------+---------+-------+---------+---------+-------
        D:1 |      39 |       0 |   0.0 |      23 |       0 |   0.0
        D:2 |      39 |     280 |  87.8 |      17 |       2 |  10.5
        D:3 |      76 |       0 |   0.0 |      17 |       0 |   0.0
        D:4 |     125 |      99 |  44.2 |      16 |       1 |   5.9
            +---------+---------+-------+---------+---------+-------
